 Dungeon Crawl Stone Soup version 0.17.1-3-g152610e (webtiles) character file.

1008 Gargoyl the Shield-Bearer (level 8, -3/60 HPs)
             Began as a Demonspawn Abyssal Knight on Mar 12, 2016.
             Was a Priest of Lugonu.
             Killed by nerve-wracking pain
             ... invoked by an orc priest
              (8 damage)
             ... on level 5 of the Dungeon.
             The game lasted 00:11:18 (3748 turns).

Gargoyl the Shield-Bearer (DsAK)                    Turns: 3748, Time: 00:11:18

Health: -3/60      AC: 15    Str: 15    XL:     8   Next: 1%
Magic:  19/19      EV:  7    Int: 14    God:    Lugonu [***...]
Gold:   179        SH: 14    Dex: 12    Spells: 0 memorised, 7 levels left

rFire  . . .     SeeInvis .     E - +0 war axe (venom)
rCold  . . .     Clarity  .     C - +0 scale mail
rNeg   . . .     SustAt   .     m - +1 large shield {rPois}
rPois  +         Gourm    .     (no helmet)
rElec  .         Spirit   .     l - +0 cloak
rCorr  .         Warding  .     h - +2 pair of gloves
rMut   .         Stasis   .     z - +1 pair of boots
MR     .....                    (no amulet)
Stlth  ..........               (no ring)
                                w - ring of magical power

@: not resistant to hostile enchantments, extremely unstealthy
A: hooves 1, yellow scales 1, demonic guardian 1
a: Depart the Abyss, Bend Space, Banish, Renounce Religion


You were on level 5 of the Dungeon.
You worshipped Lugonu.
Lugonu was most pleased with you.
You were not hungry.

You visited 1 branch of the dungeon, and saw 5 of its levels.
You visited the Abyss 1 time.

You collected 179 gold pieces.

Inventory:

Hand Weapons
 p - a +0 flail
 E - a +0 war axe of venom (weapon)
Missiles
 u - 15 tomahawks (quivered)
Armour
 h - a +2 pair of gloves (worn)
 l - a +0 cloak (worn)
 m - a +1 large shield of poison resistance (worn)
 z - a +1 pair of boots (worn)
 C - a +0 scale mail (worn)
Jewellery
 w - a ring of magical power (left hand)
 D - a cursed ring of loudness
Wands
 v - a wand of flame (48)
Scrolls
 f - 2 scrolls of remove curse
 g - a scroll of identify
 y - a scroll of teleportation {unknown}
 B - a scroll of amnesia {unknown}
Potions
 b - a potion of brilliance {unknown}
 d - a potion of resistance {unknown}
 e - 2 potions of curing {unknown}
 j - a potion of heal wounds {unknown}
 k - a potion of might {unknown}
 o - a potion of degeneration {unknown}
 q - 3 potions of flight {unknown}
 r - a potion of agility {unknown}
 x - a potion of mutation {unknown}
Comestibles
 c - 3 bread rations
 i - a beef jerky
 A - a meat ration


   Skills:
 + Level 4.3 Fighting
 + Level 3.2 Axes
 + Level 3.7 Armour
 + Level 4.0 Dodging
 + Level 1.0 Stealth
 + Level 4.6 Shields
 + Level 3.1 Invocations


You had 7 spell levels left.
You didn't know any spells.

Dungeon Overview and Level Annotations

Branches:
Dungeon (5/15)             Temple (0/1) D:4

Altars:
Cheibriados
Vehumet
Xom

Annotations:
Abyss:1 Pikel


Innate Abilities, Weirdness & Mutations

You have large cloven feet.
You are partially covered in yellow scales (AC +2).
A weak demonic guardian rushes to your aid.


Message History

Unknown command.
Your shield and scale mail prevent you from hitting the orc priest.
The orc priest is moderately wounded.
You hit the orc but do no damage.
The orc looks even sicker.
The orc is moderately wounded.
The orc barely misses you.
The orc priest mumbles some strange prayers to Beogh against you.
Something smites you!
* * * LOW HITPOINT WARNING * * *
You block the orc's attack.
The orc priest hits you but does no damage.
Unknown command.
You closely miss the orc priest.
The orc priest is heavily wounded.
Your shield and scale mail prevent you from hitting the orc.
The orc is heavily wounded.
You block the orc's attack.
The orc priest mumbles some strange prayers to Beogh against you.
Pain shoots through your body!
You die...

,,****,,,,,,,***,,*****_*****,*,,
,,**,,,******* *,,###,,,,,***,*,,
,,,,,*** *,,..,,,,,,,,,,,,,
,,,,** #####.#****,,,**,,,* ***,*
#...%.,,,..,,,**,,,* *,**
#....#**...,,,**,,,*
***,,****#####....##..#.,,,*,,,,,
,,,,,,,,,...............,,,,,,,,,
**#.,*#.#####..)@.......,,,,*,,,*
* #..**.....#..oo..##...***,,,,,*
###..#****#.......##***** **,,,,*
..#.[.## ##.(....# *,,***
.......#####......# *,,*
...§..............# *,,*
§.§.......<.###.### *,,*
._..........#.....******* *,,*
..§§p...(....o......,,,,* *,,*


You could see an orc priest and an orc.

Vanquished Creatures
  Eustachio (D:4)
  Menkaure (D:4)
  A centaur (D:4)
  An orc priest (D:5)
  A centaur skeleton (D:4)
  An orc wizard (D:3)
  Natasha (twice) (D:4)
  2 adders
  A gnoll (D:4)
  2 worms (D:2)
  4 giant geckos
  17 orcs
  A ball python (D:3)
  10 hobgoblins
  A jackal (D:1)
  8 bats
  5 giant cockroaches
  7 giant newts
  7 goblins
  7 kobolds
  11 rats
91 creatures vanquished.

Vanquished Creatures (collateral kills)
  Sigmund (D:5)
  An orc priest (D:3)
  2 gnolls (D:4)
  An adder (D:5)
  7 orcs
  A quokka (D:3)
13 creatures vanquished.

Vanquished Creatures (others)
  An ogre (D:4)
  A phantom (D:5)
  2 crimson imps (D:5)
  An orc wizard (D:4)
  An adder (D:5)
  4 orcs
  A jackal skeleton (D:5)
11 creatures vanquished.

Grand Total: 115 creatures vanquished

Notes
Turn   | Place    | Note
--------------------------------------------------------------
     0 | Abyss:1  | Gargoyl the Demonspawn Abyssal Knight began the quest for the Orb.
     0 | Abyss:1  | Reached XP level 1. HP: 18/18 MP: 2/2
    81 | Abyss:1  | Noticed an ice beast
    92 | Abyss:1  | Noticed a large abomination
    95 | D:1      | Escaped the Abyss
   467 | D:1      | Gained mutation: A weak demonic guardian rushes to your aid. [demonic ancestry]
   467 | D:1      | Reached XP level 2. HP: 9/24 MP: 4/4
   470 | D:1      | Reached * piety under Lugonu
   777 | D:1      | Reached skill level 1 in Dodging
  1136 | D:1      | Reached XP level 3. HP: 25/29 MP: 5/5
  1648 | D:2      | Reached ** piety under Lugonu
  2030 | D:3      | Found a snail-covered altar of Cheibriados.
  2057 | D:3      | Reached XP level 4. HP: 35/37 MP: 6/6
  2061 | D:3      | Reached skill level 1 in Shields
  2295 | D:3      | Found a faded altar to an unknown god.
  2482 | D:3      | Gained mutation: You are partially covered in yellow scales (AC +2). [demonic ancestry]
  2482 | D:3      | Reached XP level 5. HP: 42/42 MP: 7/7
  2748 | D:4      | Noticed Menkaure
  2749 | D:4      | Reached *** piety under Lugonu
  2755 | D:4      | Killed Menkaure
  2755 | D:4      | Reached XP level 6. HP: 18/48 MP: 8/8
  3099 | D:4      | Noticed Natasha
  3110 | D:4      | Killed Natasha
  3144 | D:4      | Found a shimmering altar of Xom.
  3200 | D:4      | Noticed Natasha
  3209 | D:4      | Killed Natasha
  3278 | D:4      | Found a staircase to the Ecumenical Temple.
  3279 | D:4      | Noticed Eustachio
  3293 | D:5      | Entered Level 5 of the Dungeon
  3293 | D:5      | Found a radiant altar of Vehumet.
  3293 | D:5      | Noticed Pikel
  3300 | D:4      | Banished Pikel
  3300 | D:4      | Reached skill level 4 in Fighting
  3300 | D:4      | Reached XP level 7. HP: 40/54 MP: 9/9
  3324 | D:4      | Killed Eustachio
  3324 | D:4      | Reached skill level 1 in Stealth
  3589 | D:4      | Killed an ogre
  3674 | D:5      | Noticed Sigmund
  3717 | D:5      | Killed Sigmund
  3720 | D:5      | Gained mutation: You have large cloven feet. [demonic ancestry]
  3720 | D:5      | Reached XP level 8. HP: 43/60 MP: 10/10
  3748 | D:5      | Killed from afar by an orc priest

Action                   |  1- 3 |  4- 6 |  7- 9 || total
-------------------------+-------+-------+-------++-------
Melee: Hand axe          |   146 |   161 |    43 ||   350
       War axe           |       |       |    27 ||    27
Invok: Depart the Abyss  |     1 |       |       ||     1
       Banish            |       |       |     1 ||     1
  Use: Scroll            |       |       |     5 ||     5
  Eat: Chunk             |     3 |       |     3 ||     6
       Bread ration      |     1 |       |       ||     1
